PAAA
BLOOMINGTON LONGNECKS @ BANGOR TRIDENT BASE OGRES
05/01/2021
 
TOP OF THE 1ST
Bloomington Longnecks batting - Pitching for Bangor Trident Base Ogres : RHP Jim Unknown
Pitching: RHP Jim Unknown
Batting: RHB Jim Unknown 0-0: Ball
1-0: Ball
2-0: Ball
3-0: Called Strike
3-1: Called Strike
3-2: Foul Ball, location: 2F
3-2: Fly out, F5 (Line Drive, 56)
Batting: RHB Jim Unknown 0-0: Ball
1-0: Called Strike
1-1: DOUBLE (Line Drive, 6D)
Batting: RHB Jim Unknown 0-0: Called Strike
0-1: Foul Ball, location: 2F
0-2: Strikes out swinging
Batting: RHB Jim Unknown 0-0: Ball
1-0: Foul Ball, location: 2F
1-1: Ground out 5-3 (Groundball, 5L)
Top of the 1st over - 0 run(s), 1 hit(s), 0 error(s), 1 left on base; Bloomington 0 - Bangor Trident Base 0
BOTTOM OF THE 1ST
Bangor Trident Base Ogres batting - Pitching for Bloomington Longnecks : RHP Jim Unknown
Pitching: RHP Jim Unknown
Batting: RHB Jim Unknown 0-0: Ball
1-0: Foul Ball, location: 2F
1-1: SINGLE (Line Drive, 34D)
Batting: RHB Jim Unknown 0-0: Ball
1-0: Called Strike
1-1: Ball
2-1: Foul Ball, location: 2F
2-2: SINGLE (Groundball, 56D)
Jim Unknown to second
Batting: RHB Jim Unknown 0-0: Ball
1-0: Swinging Strike
1-1: Foul Ball, location: 2F
1-2: Foul Ball, location: 2F
1-2: Ball
2-2: Foul Ball, location: 2F
2-2: Ball
3-2: Strikes out looking
Batting: RHB Jim Unknown 0-0: Called Strike
0-1: Swinging Strike
0-2: Ball
1-2: Foul Ball, location: 2F
1-2: SINGLE (Line Drive, 6M)
Jim Unknown to third
Jim Unknown to second
Runner from 3rd tries for Home, SAFE, throw made home
Batting: RHB Jim Unknown 0-0: Ball
1-0: Foul Ball, location: 2F
1-1: Foul Ball, location: 2F
1-2: Ball
2-2: Foul Ball, location: 2F
2-2: Ground out 5-3 (Groundball, 56S)
Jim Unknown to third
Jim Unknown to second
Batting: RHB Jim Unknown 0-0: Called Strike
0-1: Called Strike
0-2: Ball
1-2: Foul Ball, location: 2F
1-2: Ball
2-2: Ball
3-2: Base on Balls
Batting: LHB Jim Unknown 0-0: Ball
1-0: Ball
2-0: Ball
3-0: Base on Balls
Jim Unknown scores
Jim Unknown to third
Jim Unknown to second
Batting: LHB Jim Unknown 0-0: Ball
1-0: Ball
2-0: Called Strike
2-1: Ball
3-1: Foul Ball, location: 2F
3-2: Base on Balls
Jim Unknown scores
Jim Unknown to third
Jim Unknown to second
Batting: RHB Jim Unknown 0-0: Fielders Choice at 2nd, U6 (Groundball, 6M)
Bottom of the 1st over - 3 run(s), 3 hit(s), 0 error(s), 3 left on base; Bloomington 0 - Bangor Trident Base 3
TOP OF THE 2ND
Bloomington Longnecks batting - Pitching for Bangor Trident Base Ogres : RHP Jim Unknown
Batting: RHB Jim Unknown 0-0: Ball
1-0: Ball
2-0: Called Strike
2-1: Ball
3-1: Base on Balls
Batting: LHB Jim Unknown 0-0: Ball
1-0: Ball
2-0: Ball
3-0: Base on Balls
Jim Unknown to second
Batting: RHB Jim Unknown 0-0: Ball
1-0: Ground out 5-3 (Groundball, 56S)
Jim Unknown to third
Jim Unknown to second
Batting: RHB Jim Unknown 0-0: Called Strike
0-1: Ball
1-1: Ball
2-1: Ball
3-1: Swinging Strike
3-2: Base on Balls
Batting: LHB Jim Unknown 0-0: Ball
1-0: Foul Ball, location: 2F
1-1: Foul Ball, location: 2F
1-2: Fly out, F7 (Flyball, 7M)
Runner from 3rd tags up, SCORES, throw made
Batting: RHB Jim Unknown 0-0: Ball
1-0: Fielders Choice at 2nd, 6-4 (Groundball, 6)
Top of the 2nd over - 1 run(s), 0 hit(s), 0 error(s), 1 left on base; Bloomington 1 - Bangor Trident Base 3
BOTTOM OF THE 2ND
Bangor Trident Base Ogres batting - Pitching for Bloomington Longnecks : RHP Jim Unknown
Batting: RHB Jim Unknown 0-0: Ball
1-0: Ground out 6-3 (Groundball, 6)
Batting: RHB Jim Unknown 0-0: Foul Ball, location: 2F
0-1: Foul Ball, location: 2F
0-2: Strikes out swinging
Batting: RHB Jim Unknown 0-0: Ball
1-0: Ball
2-0: SINGLE (Groundball, 5D)
Batting: RHB Jim Unknown 0-0: Ball
1-0: Called Strike
1-1: Ball
2-1: Fly out, F8 (Flyball, 8RM)
Bottom of the 2nd over - 0 run(s), 1 hit(s), 0 error(s), 1 left on base; Bloomington 1 - Bangor Trident Base 3
TOP OF THE 3RD
Bloomington Longnecks batting - Pitching for Bangor Trident Base Ogres : RHP Jim Unknown
Batting: RHB Jim Unknown 0-0: Called Strike
0-1: Called Strike
0-2: Ball
1-2: Strikes out swinging
Batting: RHB Jim Unknown 0-0: Ball
1-0: Ball
2-0: Ball
3-0: Base on Balls
Batting: RHB Jim Unknown 0-0: Called Strike
0-1: Ball
1-1: Foul Ball, location: 2F
1-2: Ball
2-2: Ball
3-2: Base on Balls
Jim Unknown to second
Batting: RHB Jim Unknown 0-0: Ball
1-0: Ball
Throwing error on steal attempt, E2
Jim Unknown scores
Jim Unknown to third
2-0: Ball
3-0: Called Strike
3-1: Foul Ball, location: 2F
3-2: Strikes out swinging
Batting: LHB Jim Unknown 0-0: Ball
1-0: Called Strike
1-1: Swinging Strike
1-2: Ball
2-2: Strikes out swinging
Top of the 3rd over - 1 run(s), 0 hit(s), 1 error(s), 1 left on base; Bloomington 2 - Bangor Trident Base 3
BOTTOM OF THE 3RD
Bangor Trident Base Ogres batting - Pitching for Bloomington Longnecks : RHP Jim Unknown
Batting: RHB Jim Unknown 0-0: Ball
1-0: Ball
2-0: Ball
3-0: Base on Balls
Batting: RHB Jim Unknown 0-0: Ball
1-0: Ball
Jim Unknown steals 2nd base
2-0: Fly out, F7 (Flyball, 7D)
Runner from 2nd tags up, SAFE at 3rd, no throw
Batting: LHB Jim Unknown 0-0: Foul Ball, location: 2F
0-1: Swinging Strike
0-2: Ball
1-2: Ball
2-2: Ball
3-2: Fly out, F8 (Flyball, 8LXD)
Runner from 3rd tags up, SCORES, no throw
Batting: LHB Jim Unknown 0-0: Ball
1-0: Ball
2-0: Ground out 6-3 (Groundball, 6)
Bottom of the 3rd over - 1 run(s), 0 hit(s), 0 error(s), 0 left on base; Bloomington 2 - Bangor Trident Base 4
TOP OF THE 4TH
Bloomington Longnecks batting - Pitching for Bangor Trident Base Ogres : RHP Jim Unknown
Batting: RHB Jim Unknown 0-0: Called Strike
0-1: Ball
1-1: Ball
2-1: Swinging Strike
2-2: Ball
3-2: Strikes out swinging
Batting: RHB Jim Unknown 0-0: Ball
1-0: Ground out 6-3 (Groundball, 6)
Batting: LHB Jim Unknown 0-0: Swinging Strike
0-1: Foul Ball, location: 2F
0-2: Ball
1-2: Ball
2-2: SINGLE (Flyball, 9S)
Batting: RHB Jim Unknown 0-0: Ball
1-0: Foul Ball, location: 2F
1-1: Ball
2-1: Foul Ball, location: 2F
2-2: Fly out, F9 (Flyball, 9M)
Top of the 4th over - 0 run(s), 1 hit(s), 0 error(s), 1 left on base; Bloomington 2 - Bangor Trident Base 4
BOTTOM OF THE 4TH
Bangor Trident Base Ogres batting - Pitching for Bloomington Longnecks : RHP Jim Unknown
Batting: RHB Jim Unknown 0-0: Ground out 6-3 (Groundball, 6)
Batting: RHB Jim Unknown 0-0: Ground out U3 (Groundball, 3)
Batting: RHB Jim Unknown 0-0: Called Strike
0-1: Foul Ball, location: 2F
0-2: Ball
1-2: Ball
2-2: Ground out 6-3 (Groundball, 56)
Bottom of the 4th over - 0 run(s), 0 hit(s), 0 error(s), 0 left on base; Bloomington 2 - Bangor Trident Base 4
TOP OF THE 5TH
Bloomington Longnecks batting - Pitching for Bangor Trident Base Ogres : RHP Jim Unknown
Batting: RHB Jim Unknown 0-0: Swinging Strike
0-1: SINGLE (Line Drive, 6MD)
Batting: RHB Jim Unknown 0-0: Ball
1-0: Swinging Strike
1-1: Ball
2-1: Ball
3-1: Base on Balls
Jim Unknown to second
Batting: RHB Jim Unknown 0-0: Fly out, F9 (Flyball, 89M)
Batting: RHB Jim Unknown 0-0: Swinging Strike
0-1: Ball
1-1: Ball
2-1: Ball
3-1: Called Strike
3-2: Strikes out swinging
Batting: LHB Jim Unknown 0-0: Ball
1-0: Ball
2-0: Fly out, F7 (Popup, 56D)
Top of the 5th over - 0 run(s), 1 hit(s), 0 error(s), 2 left on base; Bloomington 2 - Bangor Trident Base 4
BOTTOM OF THE 5TH
Bangor Trident Base Ogres batting - Pitching for Bloomington Longnecks : RHP Jim Unknown
Batting: RHB Jim Unknown 0-0: Swinging Strike
0-1: Ball
1-1: Foul Ball, location: 2F
1-2: Foul Ball, location: 2F
1-2: Ball
2-2: Foul Ball, location: 2F
2-2: Ball
3-2: Base on Balls
Batting: RHB Jim Unknown 0-0: Ball
1-0: Called Strike
Pickoff Throw by Catcher to First - Out!
1-1: DOUBLE (Line Drive, 78XD)
Batting: RHB Jim Unknown 0-0: Fly out, F3 (Popup, 3F)
Batting: RHB Jim Unknown 0-0: Swinging Strike
0-1: Swinging Strike
0-2: Fly out, F9 (Line Drive, 9S)
Bottom of the 5th over - 0 run(s), 1 hit(s), 0 error(s), 1 left on base; Bloomington 2 - Bangor Trident Base 4
TOP OF THE 6TH
Bloomington Longnecks batting - Pitching for Bangor Trident Base Ogres : RHP Jim Unknown
Batting: RHB Jim Unknown 0-0: Ball
1-0: Ground out 6-3 (Groundball, 6S)
Batting: RHB Jim Unknown 0-0: Ball
1-0: Ball
2-0: Ball
3-0: Called Strike
3-1: Base on Balls
Batting: LHB Jim Unknown 0-0: Ball
1-0: Ball
2-0: Foul Ball, location: 2F
2-1: Fly out, F8 (Flyball, 8LXD)
Batting: RHB Jim Unknown 0-0: Ball
1-0: Ball
2-0: Called Strike
2-1: Swinging Strike
2-2: Strikes out swinging
Top of the 6th over - 0 run(s), 0 hit(s), 0 error(s), 1 left on base; Bloomington 2 - Bangor Trident Base 4
BOTTOM OF THE 6TH
Bangor Trident Base Ogres batting - Pitching for Bloomington Longnecks : RHP Jim Unknown
Batting: LHB Jim Unknown 0-0: Called Strike
0-1: Foul Ball, location: 2F
0-2: Ball
1-2: SINGLE (Groundball, 23) (infield hit)
Batting: LHB Jim Unknown 0-0: Ball
1-0: Sac Bunt - play at first, batter OUT! 1-3
Jim Unknown to second
Batting: RHB Jim Unknown 0-0: Ball
1-0: Called Strike
1-1: Fly out, F8 (Flyball, 8LD)
Batting: RHB Jim Unknown 0-0: Ball
1-0: Called Strike
1-1: Foul Ball, location: 2F
1-2: Strikes out swinging
Bottom of the 6th over - 0 run(s), 1 hit(s), 0 error(s), 1 left on base; Bloomington 2 - Bangor Trident Base 4
TOP OF THE 7TH
Bloomington Longnecks batting - Pitching for Bangor Trident Base Ogres : RHP Jim Unknown
Batting: RHB Jim Unknown 0-0: Ball
1-0: Foul Ball, location: 2F
1-1: Foul Ball, location: 2F
1-2: Strikes out swinging
Batting: RHB Jim Unknown 0-0: Ball
1-0: Ball
2-0: Called Strike
2-1: Ball
3-1: Swinging Strike
3-2: Strikes out swinging
Batting: RHB Jim Unknown 0-0: Ball
1-0: Ball
2-0: Swinging Strike
2-1: Fly out, F9 (Popup, 9S)
Top of the 7th over - 0 run(s), 0 hit(s), 0 error(s), 0 left on base; Bloomington 2 - Bangor Trident Base 4
BOTTOM OF THE 7TH
Bangor Trident Base Ogres batting - Pitching for Bloomington Longnecks : RHP Jim Unknown
Batting: RHB Jim Unknown 0-0: Fly out, F4 (Popup, 4MD)
Batting: RHB Jim Unknown 0-0: Ball
1-0: Ball
2-0: Called Strike
2-1: Ball
3-1: Base on Balls
Batting: RHB Jim Unknown 0-0: Called Strike
0-1: Ball
1-1: Ball
2-1: Ball
3-1: Swinging Strike
3-2: Foul Ball, location: 2F
3-2: Foul Ball, location: 2F
3-2: Foul Ball, location: 2F
3-2: Fly out, F4 (Popup, 4MD)
Pitching: LHP Jim Unknown
Batting: RHB Jim Unknown 0-0: Ground out 6-3 (Groundball, 56)
Bottom of the 7th over - 0 run(s), 0 hit(s), 0 error(s), 1 left on base; Bloomington 2 - Bangor Trident Base 4
TOP OF THE 8TH
Bloomington Longnecks batting - Pitching for Bangor Trident Base Ogres : RHP Jim Unknown
Batting: RHB Jim Unknown 0-0: Swinging Strike
0-1: Called Strike
0-2: Foul Ball, location: 2F
0-2: Ball
1-2: Ball
2-2: Strikes out swinging
Pitching: RHP Jim Unknown
Batting: LHB Jim Unknown 0-0: Ball
1-0: Ball
2-0: Called Strike
2-1: Ground out 4-3 (Groundball, 4M)
Batting: RHB Jim Unknown 0-0: Ball
1-0: DOUBLE (Line Drive, 7LM)
Batting: RHB Jim Unknown 0-0: Ball
1-0: Ball
2-0: Foul Ball, location: 2F
2-1: Foul Ball, location: 2F
2-2: Foul Ball, location: 2F
2-2: Ball
3-2: Foul Ball, location: 2F
3-2: Foul Ball, location: 2F
3-2: Fly out, F4 (Line Drive, 4)
Top of the 8th over - 0 run(s), 1 hit(s), 0 error(s), 1 left on base; Bloomington 2 - Bangor Trident Base 4
BOTTOM OF THE 8TH
Bangor Trident Base Ogres batting - Pitching for Bloomington Longnecks : LHP Jim Unknown
Batting: RHB Jim Unknown 0-0: Foul Ball, location: 2F
0-1: Ball
1-1: Ground out 4-3 (Groundball, 4)
Batting: LHB Jim Unknown 0-0: Called Strike
0-1: SINGLE (Line Drive, 9S)
Batting: LHB Jim Unknown 0-0: Ball
1-0: Called Strike
1-1: Foul Ball, location: 2F
1-2: SINGLE (Groundball, 15) (infield hit)
Jim Unknown to second
Batting: RHB Jim Unknown 0-0: Ball
1-0: Ball
2-0: Ball
3-0: Base on Balls
Jim Unknown to third
Jim Unknown to second
Pinch Hitting: RHB Jim Unknown 0-0: Ball
1-0: Foul Ball, location: 2F
1-1: Grounds into fielders choice 1-2 (Groundball, 13)
Jim Unknown to third
Jim Unknown to second
Batting: RHB Jim Unknown 0-0: Swinging Strike
0-1: Fly out, F2 (Popup, 2RF)
Bottom of the 8th over - 0 run(s), 2 hit(s), 0 error(s), 3 left on base; Bloomington 2 - Bangor Trident Base 4
TOP OF THE 9TH
Bloomington Longnecks batting - Pitching for Bangor Trident Base Ogres : RHP Jim Unknown
Now at SS: Jim Unknown
Batting: LHB Jim Unknown 0-0: Foul Ball, location: 2F
0-1: Swinging Strike
0-2: Ball
1-2: Ball
2-2: Foul Ball, location: 2F
2-2: Strikes out swinging
Batting: RHB Jim Unknown 0-0: Called Strike
0-1: Ball
1-1: Foul Ball, location: 2F
1-2: Strikes out swinging
Batting: RHB Jim Unknown 0-0: Ball
1-0: Ball
2-0: DOUBLE (Line Drive, 7LM)
Batting: RHB Jim Unknown 0-0: Called Strike
0-1: Ball
1-1: Foul Ball, location: 2F
1-2: Strikes out swinging
Top of the 9th over - 0 run(s), 1 hit(s), 0 error(s), 1 left on base; Bloomington 2 - Bangor Trident Base 4
This league is powered by Out of the Park Baseball, the baseball management simulation game for PC, Mac and Linux
Friday, January 22nd, 2016 - OOTP Baseball 16.9 Build 39